 Dungeon Crawl Stone Soup version 0.13.1-28-g3517093 (webtiles) character file.

167 Iskender the Sneak (level 3, 0/16 HPs)
             Began as a Felid Chaos Knight on Mar 20, 2014.
             Was a Plaything of Xom.
             Slain by a gnoll
             ... wielding a +0,+0 halberd
              (16 damage)
             ... on Level 2 of the Dungeon.
             The game lasted 00:09:36 (1161 turns).

Iskender the Sneak (Felid Chaos Knight)             Turns: 1161, Time: 00:09:37

HP   0/16        AC  1     Str  8      XL: 3   Next: 87%
MP   5/5         EV 18     Int 14      God: Xom - getting BORED
Gold 104         SH  0     Dex 15      Spells:  0 memorised,  2 levels left
Lives: 0, deaths: 0

Res.Fire  : . . .   See Invis. : +     - Unarmed
Res.Cold  : + . .   Warding    : .   (armour unavailable)
Life Prot.: . . .   Conserve   : .   (shield unavailable)
Res.Poison: .       Res.Corr.  : +   (helmet unavailable)
Res.Elec. : .       Clarity    : .   (cloak unavailable)
Sust.Abil.: . .     Spirit.Shd : .   (gloves unavailable)
Res.Mut.  : .       Stasis     : .   (boots unavailable)
Res.Rott. : .       Flight     : .   h - cursed amulet of resist corrosion {unknown}
Saprovore : . . .                    (no ring)
                                     (no ring)

@: quick, slightly resistant to hostile enchantments, quite stealthy
A: paw claws, no armour, no advanced items, fangs 3, see invisible, carnivore 3,
cold resistance 1, speed 1, mutation resistance 1, slow metabolism 1, spit
poison 1, AC +1
a: Spit Poison, Renounce Religion


You were on level 2 of the Dungeon.
You worshipped Xom.
You were Xom's teddy bear.
You were full.

You visited 1 branch of the dungeon, and saw 2 of its levels.

You collected 84 gold pieces.

Inventory:

Hand weapons
 j - a +0,+0 dagger
Comestibles
 c - 3 meat rations
Scrolls
 a - 2 scrolls of recharging {unknown}
 d - a scroll of curse weapon {unknown}
 g - a scroll of teleportation {unknown}
 i - a scroll of enchant weapon I {unknown}
Jewellery
 h - a cursed amulet of resist corrosion (around neck) {unknown}
Potions
 b - a potion of agility {unknown}
 e - a potion of curing {unknown}
 f - a potion of might {unknown}


   Skills:
 - Level 3.0 Fighting
 - Level 3.2 Dodging
 + Level 5.2 Stealth
 - Level 3.0 Unarmed Combat


You had 2 spell levels left.
You didn't know any spells.

Dungeon Overview and Level Annotations

Branches:
Dungeon (2/27)

Altars:


Innate Abilities, Weirdness & Mutations

You cannot wear armour.
You are incapable of any advanced item manipulation.
Your paws have sharp claws.
You have razor-sharp teeth.
You have supernaturally acute eyesight.
You are carnivorous and can eat meat at any time.
You cover ground quickly.
You are covered in fur (AC +1).
You have a slow metabolism.
Your flesh is cold resistant.
You are somewhat resistant to further mutation.
You can spit poison.


Message History

Use which ability? (? or * to list)
Press: ? - help, Shift-Dir - straight line, f/p - gnoll
Aim: a gnoll, wielding a halberd (moderately wounded)
The splash of poison hits the gnoll.
The gnoll is poisoned.
The gnoll is moderately wounded.
You feel slightly less full.
You closely miss the gnoll.
The gnoll is heavily wounded.
The gnoll misses you.
You scratch the gnoll but do no damage.
The gnoll is heavily wounded.
You have got your breath back.
You closely miss the gnoll. Your bite misses the gnoll.
The gnoll is heavily wounded.
The gnoll barely misses you.
You barely miss the gnoll.
The gnoll is heavily wounded.
The gnoll hits you with a halberd!
Ouch! That really hurt!
You die...

######### #.......#
##################..♣♣♣..###
...............g...♣###♣...#
#################g.♣# #♣...#
................@..♣###♣...#
#################...♣♣♣....#
...# #..........# ...#
#..........# .>.#
#..........# ...#
#.....).(..# ...#
#..........# ...#
########(### ).(# ***** #.#


You could see a gnoll.

Vanquished Creatures
  2 gnolls (D:2)
  An adder (D:2)
  3 giant geckos (D:1)
  A ball python (D:1)
  4 bats
  3 goblins
  6 hobgoblins
  4 jackals
  A giant newt (D:2)
  3 kobolds
  3 rats
31 creatures vanquished.

Vanquished Creatures (collateral kills)
  A ball python (D:2)
1 creature vanquished.

Grand Total: 32 creatures vanquished

Notes
Turn   | Place    | Note
--------------------------------------------------------------
     0 | D:1      | Iskender, the Felid Chaos Knight, began the quest for the Orb.
     0 | D:1      | Reached XP level 1. HP: 9/9 MP: 2/2
    15 | D:1      | XOM: divination: detect items
    33 | D:1      | Reached skill level 1 in Stealth
   131 | D:1      | XOM: divination: detect items
   150 | D:1      | Reached XP level 2. HP: 8/13 MP: 3/3
   236 | D:1      | XOM: harmless Divn miscast
   335 | D:1      | XOM: vitrification
   411 | D:1      | XOM: give mutations
   411 | D:1      | Gained mutation: You can spit poison. [Xom's grace]
   411 | D:1      | Gained mutation: You are somewhat resistant to further mutation. [Xom's grace]
   411 | D:1      | Gained mutation: Your flesh is cold resistant. [Xom's grace]
   661 | D:1      | XOM: 2-stop teleportation journey
   741 | D:2      | Reached skill level 4 in Stealth
   756 | D:2      | Reached XP level 3. HP: 12/16 MP: 5/5
  1020 | D:2      | XOM: divination: magic mapping
  1100 | D:2      | Reached skill level 5 in Stealth
  1104 | D:2      | XOM: cast spell 'Discord'
  1161 | D:2      | Slain by a gnoll

Action                   || total
-------------------------++-------
Melee: Unarmed           ||    75
 Abil: Spit Poison       ||    26
 Stab: Sleeping          ||     5
